 Dungeon Sprint DCSS version 0.21-a0-221-gfe971b9 (webtiles) character file.

1423 potatolord6000 the Covert (level 9, -1/76 HPs)
             Began as a Human Monk on Aug 24, 2017.
             Was the Champion of the Shining One.
             Slain by a death scarab (8 damage)
             ... in the Dungeon (Sprint V: "Ziggurat Sprint").
             The game lasted 00:05:39 (433 turns).

potatolord6000 the Covert (Human Monk)               Turns: 433, Time: 00:05:40

Health: -1/76      AC:  4    Str: 11    XL:     9   Next: 2%
Magic:  16/16      EV: 24    Int: 14    God:    the Shining One [******]
Gold:   0          SH:  3    Dex: 34    Spells: 8/8 levels left

rFire    . . .     SeeInvis .   A - +7 great sword (holy)
rCold    . . .     Gourm    .   (shield currently unavailable)
rNeg     + + +     Faith    .   b - +0 robe
rPois    .         Spirit   .   (no helmet)
rElec    +         Reflect  +   (no cloak)
rCorr    .         Harm     .   m - +1 pair of gloves {Dex+3}
MR       .....     NoTele   +   (no boots)
Stlth    ++........             a - amulet of Qushreokk {Reflect rElec rN+ Int+3 SH+3}
HPRegen  0.22/turn              y - +6 ring of dexterity
MPRegen  0.15/turn              z - +6 ring of dexterity

@: lethally poisoned (-1 -> -16), slowed, glowing, very slow
A: no striking features
a: Divine Shield, Cleansing Flame, Summon Divine Warrior, Renounce Religion


You were in the Dungeon.
You worshipped the Shining One.
The Shining One was exalted by your worship.
You were full.

You visited 1 branch

Inventory:

Hand Weapons
 A - a +7 great sword of holy wrath (weapon)
Armour
 b - a +0 robe (worn)
 m - a +1 pair of gloves of dexterity (worn)
Jewellery
 a - the amulet of Qushreokk (around neck) {Reflect rElec rN+ Int+3 SH+3}
   (You found it in the Dungeon)

   [amulet of reflection]

   It shields you and reflects attacks.
   It affects your intelligence (+3).
   It insulates you from electricity.
   It protects you from negative energy.
   It affects your SH (+3).
 y - a +6 ring of dexterity (left hand)
 z - a +6 ring of dexterity (right hand)
Scrolls
 i - 4 scrolls of blinking
 p - 4 scrolls of amnesia
 q - 3 scrolls of recharging
 r - 7 scrolls of fog
 s - a scroll of holy word
 t - 5 scrolls of identify
 u - 5 scrolls of remove curse
 v - 2 scrolls of fear
Potions
 d - 10 potions of curing
 e - 5 potions of heal wounds
 f - 4 potions of haste
 g - 6 potions of magic
 h - 3 potions of berserk rage
 j - 2 potions of brilliance
 k - 2 potions of invisibility
 l - 4 potions of resistance
 n - 6 potions of agility
 o - 4 potions of might
Comestibles
 c - 5 bread rations
 w - 42 fruits
 x - 3 meat rations


   Skills:
 + Level 9.1 Fighting
 + Level 9.1 Long Blades
 + Level 9.2 Dodging
 + Level 9.5 Stealth
 + Level 9.4 Invocations


You had 8 spell levels left.
You didn't know any spells.

Dungeon Overview and Level Annotations

Branches:
Dungeon (1/1)

Altars:
Ashenzari
Cheibriados
Dithmenos
Elyvilon
Fedhas
Gozag
Hepliaklqana
Kikubaaqudgha
Makhleb
Nemelex Xobeh
Okawaru
Qazlal
Ru
Sif Muna
Trog
Uskayaw
Vehumet
Wu Jian
Xom
Yredelemnul
Zin
The Shining One
Beogh
Jiyva
Lugonu

Annotations:
D 1 transporter


Message History

The death scarab misses you. x2; The orange demon stings you from afar.
You are poisoned.
The orange demon poisons you!
The mummy priest prays to its god.
The jiangshi closely misses you. x2; The hungry ghost hits you.
The ushabti hits you! The death scarab closely misses you.
The orange demon misses you.
The mummy priest calls on the powers of darkness!
Your body is wracked with pain!
The jiangshi claws you!
* * * LOW HITPOINT WARNING * * *
The jiangshi claws you.
* * * LOW HITPOINT WARNING * * *
You feel much better.
You feel very sick. The death scarab completely misses you.
The jiangshi claws you!!
* * * LOW HITPOINT WARNING * * *
The jiangshi claws you!
* * * LOW HITPOINT WARNING * * *
You block the hungry ghost's attack. The death scarab bites you!
You die...

▓.▓....▓.▓.▓....▓.▓
▓...©....▓...©....▓
▓▓▓▓▓▓▓▓▓▓▓▓▓▓▓▓▓▓▓
▓..8©8..▓ ▓..[::..▓
▓..nZ[..▓ ▓.MZ3M4.▓
▓..s8V..▓ ▓WZ.@W..▓
▓.......▓ ▓.......▓
▓...©...▓ ▓▓▓▓▓▓▓▓▓


You could see a mummy priest, a jiangshi, a soul eater, a flayed ghost, an
orange demon, an ushabti, a hungry ghost, a death scarab, a necrophage, a mummy,
an adder simulacrum, a bat zombie and a ball python skeleton.

Vanquished Creatures
  A smoke demon (D)
  A spriggan (D)
  2 fire elementals (D)
  2 hell hounds (D)
  A small abomination (D)
  2 black bears (D)
  A wolf (D)
  A crimson imp (D)
  A quasit (D)
  A mummy (D)
  An adder (D)
  2 shadow imps (D)
  2 ball pythons (D)
18 creatures vanquished.

Vanquished Creatures (others)
  A spatial maelstrom (D)
1 creature vanquished.

Grand Total: 19 creatures vanquished

Notes
Turn   | Place    | Note
-------+----------+-------------------------------------------
     0 | D        | Found the +6 Majin-Bo {vamp, Archmagi MP+6 Int+6}
     0 | D        | Found the +7 great mace "Firestarter" {inner flame, rF++}
     0 | D        | potatolord6000 the Human Monk began the quest for the Orb.
     0 | D        | Reached XP level 1. HP: 18/18 MP: 1/1
     0 | D        | Found a blossoming altar of Fedhas.
     1 | D        | Found a deep blue altar of Sif Muna.
     1 | D        | Found a sacrificial altar of Ru.
     1 | D        | Found a bloodstained altar of Trog.
     1 | D        | Found a stormy altar of Qazlal.
     1 | D        | Found an iron altar of Okawaru.
     1 | D        | Found a sparkling altar of Nemelex Xobeh.
     2 | D        | Banished a spatial maelstrom
     3 | D        | Found a transporter.
     3 | D        | Found an ancient bone altar of Kikubaaqudgha.
     3 | D        | Found a viscous altar of Jiyva.
     3 | D        | Found a corrupted altar of Lugonu.
     3 | D        | Found a hazy altar of Hepliaklqana.
     3 | D        | Found a burning altar of Makhleb.
     3 | D        | Found an opulent altar of Gozag.
    47 | D        | Found the +9 heavy crossbow "Sniper" {velocity, Acc+∞ SInv}
    47 | D        | Found the +10 dark maul {crush}
    47 | D        | Found the +15 Maxwell's patent armour {-Cast -Tele rElec MR+ rCorr}
    47 | D        | Found the +18 shield of the Gong {rElec rN+ MR+ EV-5}
    47 | D        | Found the cursed +14 obsidian axe {chop, +Fly SInv *Curse}
    48 | D        | Found the +6 shillelagh "Devastator" {shatter}
    48 | D        | Found the +11 plutonium sword {*Contam Stlth-}
    48 | D        | Found the +8 lance "Wyrmbane" {slay drac, rPois rF+ rC+ AC+3}
    48 | D        | Found the +9 sword of Zonguldrok {reap}
    48 | D        | Found the cursed +13 scythe of Curses {drain, *Curse}
    48 | D        | Found the +0 sword of Power
    48 | D        | Found the +4 mace of Variability {chaos}
    48 | D        | Found the +7 Singing Sword
    48 | D        | Found the +7 longbow "Piercer" {penet, EV-2}
    68 | D        | Became a worshipper of the Shining One
    68 | D        | Reached * piety under the Shining One
    68 | D        | Reached ** piety under the Shining One
    90 | D        | Reached XP level 2. HP: 26/26 MP: 1/4
    91 | D        | Entered arena 2.
    91 | D        | Noticed a crimson imp
    91 | D        | Noticed a smoke demon
    91 | D        | Found a transporter.
   102 | D        | Killed a smoke demon
   102 | D        | Reached *** piety under the Shining One
   102 | D        | Reached XP level 3. HP: 35/35 MP: 4/7
   102 | D        | Reached XP level 4. HP: 41/41 MP: 5/9
   102 | D        | Reached XP level 5. HP: 47/47 MP: 5/10
   102 | D        | Reached XP level 6. HP: 53/53 MP: 5/11
   106 | D        | Reached XP level 7. HP: 60/60 MP: 5/12
   110 | D        | Entered arena 3.
   110 | D        | Found a transporter.
   117 | D        | Got the amulet of Qushreokk {Reflect rElec rN+ Int+3 SH+3}
   124 | D        | Entered arena 4.
   124 | D        | Noticed a hell hound
   124 | D        | Noticed a fire elemental
   124 | D        | Reached **** piety under the Shining One
   124 | D        | Noticed a fire elemental
   124 | D        | Noticed a hell hound
   124 | D        | Found a transporter.
   130 | D        | Killed a hell hound
   131 | D        | Killed a fire elemental
   132 | D        | Killed a fire elemental
   132 | D        | Reached XP level 8. HP: 36/68 MP: 9/14
   132 | D        | Reached ***** piety under the Shining One
   142 | D        | Entered arena 5.
   142 | D        | Noticed a spriggan
   142 | D        | Found a transporter.
   147 | D        | Killed a spriggan
   398 | D        | Entered arena 6.
   398 | D        | Found a transporter.
   401 | D        | Reached ****** piety under the Shining One
   408 | D        | Reached XP level 9. HP: 53/76 MP: 14/16
   423 | D        | Identified a +7 great sword of holy wrath (a +5 great sword blessed by the Shining One)
   423 | D        | Received a gift from the Shining One
   426 | D        | Entered arena 7.
   426 | D        | Noticed a mummy priest
   426 | D        | Noticed a death scarab
   427 | D        | Found a transporter.
   429 | D        | Noticed a soul eater
   429 | D        | Noticed an orange demon
   430 | D        | Noticed a jiangshi
   433 | D        | Noticed a flayed ghost
   433 | D        | Slain by a death scarab

Vault maps used:
D:        sprint_v

Skill      XL: |  1  2  3  4  5  6  7  8 |
---------------+-------------------------+-----
Fighting       | 4 6 7 8 9 |  9.1
Long Blades    | 4 6 7 8 9 |  9.1
Dodging        | 4 7 8 9 |  9.2
Stealth        | 4 7 8 9 |  9.5
Invocations    | 3 6 8 9 |  9.4

Action                   |  1- 3 |  4- 6 |  7- 9 || total
-------------------------+-------+-------+-------++-------
Melee: Great sword       |     5 |     2 |    26 ||    33
Invok: Brand Weapon With |       |       |     1 ||     1
  Use: Potion            |     7 |       |     3 ||    10
  Eat: Meat ration       |       |       |     1 ||     1
Armor: Robe              |       |     1 |     4 ||     5
Dodge: Dodged            |     9 |       |    81 ||    90
Block: Other             |       |       |    10 ||    10
       Rpst.: Great sword |     1 |       |    16 ||    17

Table legend:
 A = Spawn XP
 B = Non-spawn XP
 C = Spawn XP percentage of total XP
 D = Spawn monster count
 E = Non-spawn monster count
 F = Spawn count percentage of total count
 G = Total turns spent on level
                    A         B        C        D         E        F      G
               +---------+---------+-------+---------+---------+-------+---------
         Total |       0 |    2025 |   0.0 |       0 |      18 |   0.0 |   433
               +---------+---------+-------+---------+---------+-------+---------
             D |       0 |    2025 |   0.0 |       0 |      18 |   0.0 |   433
               +---------+---------+-------+---------+---------+-------+---------
